[Event "ICC tourney 2128 (3 2)"]
[Site "Internet Chess Club"]
[Date "2020.11.13"]
[Round "5"]
[White "SBomm18"]
[Black "Jeffchess"]
[Result "1-0"]
[ICCResult "Black resigns"]
[WhiteElo "1795"]
[BlackElo "1366"]
[Opening "Caro-Kann defense"]
[ECO "B12"]
[NIC "CK.01"]
[Time "20:47:29"]
[TimeControl "180+2"]

1. e4 c6 2. d4 e6 3. Nc3 Bb4 4. e5 d5 5. exd6 Qxd6 6. g3 Bxc3+ 7. bxc3 Ne7
8. Bf4 Qd8 9. Bg2 Nd5 10. Bd2 Nd7 11. c4 N5b6 12. Qe2 Nf6 13. Nf3 O-O 14.
O-O Bd7 15. Rfd1 a6 16. Ba5 Re8 17. Rab1 Qe7 18. Bxb6 Rad8 19. Bxd8 Rxd8 20.
Ne5 Bc8 21. a4 Nd7 22. Nxd7 Rxd7 23. d5 cxd5 24. cxd5 Rd6 25. dxe6 Rxe6 26.
Qd2 g6 27. Qd8+ Qf8 28. Qxf8+ Kxf8 29. Rd8+ Re8 30. Rxe8+ Kxe8 31. Bxb7 Bd7
32. Bxa6 Bxa4 33. Bb5+ Bxb5 34. Rxb5 Kd7 35. Kg2 Kc6 36. Rb3 f5 37. Kf3 Kc5
38. Kf4 h6 39. Ke5 Kc4 40. Rd3 h5 41. h4 Kc5 42. Rd4 Kc6 43. Rd5 Kc7 44. Rd6
g5 45. hxg5 f4 46. g6 fxg3 47. fxg3 h4 48. gxh4 Kc8 {Black resigns} 1-0

[Event "ICC tourney 2128 (3 2)"]
[Site "Internet Chess Club"]
[Date "2020.11.13"]
[Round "5"]
[White "ChessStar22"]
[Black "Kinawa"]
[Result "1-0"]
[ICCResult "Black resigns"]
[WhiteElo "1395"]
[BlackElo "1420"]
[Opening "Budapest: Adler variation"]
[ECO "A52"]
[NIC "QG.01"]
[Time "20:47:26"]
[TimeControl "180+2"]

1. d4 Nf6 2. c4 e5 3. dxe5 Ng4 4. Nf3 Bc5 5. e3 Nc6 6. a3 a5 7. Nc3 Ngxe5 8.
Nxe5 Nxe5 9. Be2 O-O 10. Ne4 Be7 11. Bd2 d6 12. Bc3 Be6 13. O-O Nxc4 14.
Bxc4 Bxc4 15. Qd4 Bf6 16. Nxf6+ gxf6 17. Qxc4 Kh8 18. Qf4 Kg8 19. Bxf6
{Black resigns}
1-0

[Event "ICC tourney 2128 (3 2)"]
[Site "Internet Chess Club"]
[Date "2020.11.13"]
[Round "5"]
[White "Adityaki05"]
[Black "pari538"]
[Result "0-1"]
[ICCResult "White checkmated"]
[WhiteElo "1216"]
[BlackElo "1211"]
[Opening "Benko's opening"]
[ECO "A00"]
[NIC "VO.09"]
[Time "20:47:28"]
[TimeControl "180+2"]

1. g3 e5 2. Bg2 Nf6 3. e3 Be7 4. Ne2 O-O 5. d4 exd4 6. exd4 d5 7. O-O Bg4 8.
c4 c6 9. cxd5 cxd5 10. Nbc3 Re8 11. Bg5 Qd7 12. Re1 Ne4 13. Nxe4 dxe4 14.
Bxe7 Qxe7 15. Qc2 Nc6 16. d5 Bxe2 17. Rxe2 Nd4 18. Qxe4 Nxe2+ 19. Kf1 Qxe4
20. Bxe4 Rxe4 21. Re1 Rae8 22. f3 Nxg3+ 23. Kf2 Rxe1 24. hxg3 R8e2#
{White checkmated}
0-1

[Event "ICC tourney 2128 (3 2)"]
[Site "Internet Chess Club"]
[Date "2020.11.13"]
[Round "5"]
[White "yogokings12"]
[Black "ritterfork"]
[Result "1-0"]
[ICCResult "Black checkmated"]
[WhiteElo "1541"]
[BlackElo "1391"]
[Opening "Sicilian: dragon, Yugoslav attack, 10.O-O-O"]
[ECO "B78"]
[NIC "SI.18"]
[Time "20:47:24"]
[TimeControl "180+2"]

1. e4 c5 2. Nf3 d6 3. d4 cxd4 4. Nxd4 Nf6 5. Nc3 g6 6. Be3 Bg7 7. f3 O-O 8.
Qd2 Nc6 9. Bc4 Bd7 10. O-O-O Rc8 11. Bb3 Ne5 12. Kb1 Re8 13. Bh6 b5 14. Bxg7
Kxg7 15. Ndxb5 Qb6 16. Nd4 Nc4 17. Bxc4 Rxc4 18. h4 Rec8 19. Nb3 a5 20. h5
a4 21. hxg6 fxg6 22. Qh6+ Kg8 23. Nd5 Nxd5 24. Qxh7+ Kf8 25. Qh8+ Kf7 26.
Rh7+ Ke6 27. exd5+ Kf5 28. Rf7+ Kg5 29. Qh2 axb3 30. Qg3+ Bg4 31. f4+ Kh6
32. Rh1+ Bh5 33. Qg5# {Black checkmated} 1-0

[Event "ICC tourney 2128 (3 2)"]
[Site "Internet Chess Club"]
[Date "2020.11.13"]
[Round "5"]
[White "jpbaligad"]
[Black "ROWLAND"]
[Result "1-0"]
[ICCResult "Black checkmated"]
[WhiteElo "1333"]
[BlackElo "1434"]
[Opening "Philidor: exchange variation"]
[ECO "C41"]
[NIC "KP.08"]
[Time "20:47:27"]
[TimeControl "180+2"]

1. e4 e5 2. Nf3 d6 3. d4 exd4 4. Nxd4 Nf6 5. Nc3 Be7 6. Be2 O-O 7. O-O Nc6
8. Be3 Nxd4 9. Bxd4 c6 10. f3 d5 11. e5 Nd7 12. f4 Nc5 13. Qd2 Bf5 14. Kh1
Ne4 15. Nxe4 Bxe4 16. b4 a5 17. a3 axb4 18. axb4 Qd7 19. Bd3 Bxd3 20. cxd3
Qg4 21. Be3 f6 22. d4 fxe5 23. fxe5 Rxf1+ 24. Rxf1 Bxb4 25. Qxb4 Qe2 26. Qe1
Qd3 27. Qf2 h6 28. Qf7+ Kh7 29. Qf5+ Qxf5 30. Rxf5 Ra1+ 31. Bg1 b5 32. Rf7
b4 33. Rb7 Rb1 34. h3 b3 35. Kh2 b2 36. Bf2 Kg6 37. e6 Kf6 38. e7 Kf7 39.
Bg3 Ke8 40. Bd6 Rd1 41. Rb8+ Kf7 42. e8=Q+ Kf6 43. Qe5+ Kf7 44. Rf8+ Kg6 45.
Qf5# {Black checkmated} 1-0

[Event "ICC tourney 2128 (3 2)"]
[Site "Internet Chess Club"]
[Date "2020.11.13"]
[Round "5"]
[White "A4-H5"]
[Black "Mozart1"]
[Result "1-0"]
[ICCResult "Black checkmated"]
[WhiteElo "1871"]
[BlackElo "1709"]
[Opening "English: four knights system"]
[ECO "A28"]
[NIC "EO.08"]
[Time "20:47:27"]
[TimeControl "180+2"]

1. c4 Nf6 2. Nc3 e5 3. Nf3 Nc6 4. d4 exd4 5. Nxd4 Bc5 6. Nb3 Bb4 7. g3 Ne4
8. Qd3 Nxc3 9. bxc3 Be7 10. Bg2 Ne5 11. Qe4 d6 12. O-O O-O 13. Rd1 Rb8 14.
c5 Be6 15. Nd4 dxc5 16. Qxe5 cxd4 17. Rxd4 Bd6 18. Qh5 Qe7 19. Rh4 f5 20.
Qxh7+ Kf7 21. Qh5+ Kg8 22. Bg5 Qd7 23. Qg6 Be5 24. Qh7+ Kf7 25. Bf3 Ke8 26.
e3 Bxc3 27. Rd1 Qb5 28. Bh5+ Bf7 29. a4 Qb3 30. Bxf7+ Qxf7 31. Rf4 Be5 32.
Rf3 Bd6 33. Qh3 Qb3 34. Rf1 Qxa4 35. Rxf5 Qd7 36. Qh5+ Rf7 37. e4 Be7 38.
Qh8+ Rf8 39. Qxg7 Bxg5 40. Rxf8# {Black checkmated} 1-0

[Event "ICC tourney 2128 (3 2)"]
[Site "Internet Chess Club"]
[Date "2020.11.13"]
[Round "5"]
[White "bopala"]
[Black "PearsonH"]
[Result "1/2-1/2"]
[ICCResult "Game drawn because neither player has mating material"]
[WhiteElo "1407"]
[BlackElo "1429"]
[Opening "QGD: exchange, positional line"]
[ECO "D35"]
[NIC "QO.16"]
[Time "20:47:44"]
[TimeControl "180+2"]

1. d4 e6 2. c4 d5 3. Nc3 Nf6 4. cxd5 exd5 5. Bg5 Be7 6. e3 O-O 7. Nf3 c6 8.
Bd3 Bg4 9. h3 Bh5 10. O-O Nbd7 11. Rc1 Ne4 12. Bxe7 Qxe7 13. Be2 Ndf6 14.
Ne5 Bxe2 15. Qxe2 Nd7 16. Nxd7 Qxd7 17. Nxe4 dxe4 18. Rfd1 f5 19. Qc4+ Qf7
20. Qxf7+ Kxf7 21. d5 cxd5 22. Rxd5 Ke6 23. Rdc5 Rf7 24. Rc7 Raf8 25. R7c5
Rd7 26. Rc7 Rfd8 27. Rxd7 Rxd7 28. Rc2 Rd1+ 29. Kh2 g5 30. Kg3 Rd7 31. h4 h6
32. hxg5 hxg5 33. Rc8 Rd2 34. Re8+ Kf7 35. Rb8 Rxb2 36. f3 exf3 37. gxf3 b6
38. Rb7+ Kf6 39. Rxa7 b5 40. e4 fxe4 41. fxe4 Ke5 42. Kg4 Rg2+ 43. Kh5 Kxe4
44. Ra5 Rb2 45. Kxg5 Kd3 46. Kf5 Kc2 47. Ke4 b4 48. Kd4 Kb1 49. Kc4 Ka1 50.
Ra8 Kb1 51. Ra7 Kc1 52. Ra8 Kd2 53. Ra7 Kc1 54. Ra8 Kb1 55. Ra7 Kc2 56. Ra8
b3 57. axb3 Rxb3 58. Ra2+ Rb2 59. Rxb2+ Kxb2
{Game drawn because neither player has mating material}
1/2-1/2

[Event "ICC tourney 2128 (3 2)"]
[Site "Internet Chess Club"]
[Date "2020.11.13"]
[Round "5"]
[White "moneymo"]
[Black "VincentT2008"]
[Result "1-0"]
[ICCResult "Black forfeits on time"]
[WhiteElo "1633"]
[BlackElo "1273"]
[Opening "KGD: Falkbeer, Nimzovich variation"]
[ECO "C32"]
[NIC "KG.04"]
[Time "20:47:32"]
[TimeControl "180+2"]

1. e4 e5 2. f4 d5 3. exd5 e4 4. Bb5+ Bd7 5. Bc4 Nf6 6. d4 Bg4 7. Ne2 Nxd5 8.
h3 Qh4+ 9. g3 Bxe2 10. Kxe2 Qh5+ 11. g4 Qg6 12. Bxd5 c6 13. Bb3 Bd6 14. f5
Qf6 15. c3 g6 16. Qf1 Nd7 17. Nd2 O-O-O 18. Nxe4 Rhe8 19. Kf3 Qh4 20. Nxd6+
Kb8 21. Nxe8 Rxe8 22. Bf4+ Ka8 23. Qf2 Qf6 24. Kg2 gxf5 25. g5 Qg6 26. Rhe1
Rg8 27. Kh2 h6 28. h4 hxg5 29. Bxg5 Rh8 30. Qg3 a6 31. Re7 Nb6 32. Qc7 Rb8
33. Qxb6 Qd6+ 34. Kg2 f6 35. Re6 Qd7 36. Rxf6 f4 37. Kf3 Qh3+ 38. Kxf4 Re8
39. Be6 Qh2+ 40. Kf5 Qc2+ 41. Kg4 Qe2+ 42. Kg3 Qd3+ 43. Rf3 Qg6 44. Bf5 Qg7
45. Bd7 Qxd7 46. Raf1 Qd6+ 47. Kg4 Qe6+ 48. Kg3 Qd6+ 49. Kf2 Qe6 50. Re3
Rf8+ 51. Ke2 Qg4+ 52. Ke1 Rxf1+ 53. Kxf1 Qd1+ 54. Kf2 Qd2+ 55. Kf3 Qd1+ 56.
Kf4 Qf1+ 57. Kg4 Qg1+ 58. Kh5 Qd1+ 59. Kh6 {Black forfeits on time} 1-0

[Event "ICC tourney 2128 (3 2)"]
[Site "Internet Chess Club"]
[Date "2020.11.13"]
[Round "5"]
[White "chessfidebullet"]
[Black "smashattack"]
[Result "0-1"]
[ICCResult "White forfeits on time"]
[WhiteElo "1151"]
[BlackElo "1457"]
[Opening "Sicilian: Anderssen variation"]
[ECO "B41"]
[NIC "SI.41"]
[Time "20:47:26"]
[TimeControl "180+2"]

1. e4 c5 2. Nf3 e6 3. d4 cxd4 4. Nxd4 Nf6 5. Bd3 Nc6 6. Nxc6 bxc6 7. Nc3 Bb4
8. Rb1 d5 9. e5 Nd7 10. Qg4 Bxc3+ 11. bxc3 g6 12. Qg3 Qa5 13. Kd2 d4 14. Bb2
Rb8 15. Bc4 Nxe5 16. Bb3 O-O 17. h4 Rd8 18. Kc1 d3 19. h5 dxc2 20. Kxc2 Ba6
21. Rbd1 Bd3+ 22. Rxd3 Rxd3 23. Qf4 Rbd8 24. Kc1 Rd2 25. Qxd2 Rxd2 26. Kxd2
Qd8+ 27. Kc2 Qd3+ 28. Kc1 Qe2 29. Rd1 Nd3+ 30. Rxd3 Qxd3 31. Bc2 Qf1+ 32.
Kd2 Qxf2+ 33. Kc1 Qg1+ 34. Kd2 Qxg2+ 35. Kd3 Qf3+ 36. Kc4 Qe2+ 37. Kb3 Qxh5
38. Ka3 Qa5+ 39. Kb3 h5 40. a4 h4 41. c4 h3 42. Bc3 Qh5 43. Be4 h2 44. Bh1
Qd1+ 45. Kb4 Qxh1 46. Kc5 Qg1+ 47. Bd4 Qg5+ 48. Kxc6 h1=Q+ 49. Kc7 Qa5+
{White forfeits on time}
0-1

[Event "ICC tourney 2128 (3 2)"]
[Site "Internet Chess Club"]
[Date "2020.11.13"]
[Round "6"]
[White "Jeffchess"]
[Black "pari538"]
[Result "1-0"]
[ICCResult "Black checkmated"]
[WhiteElo "1369"]
[BlackElo "1180"]
[Opening "Four knights: Italian variation"]
[ECO "C47"]
[NIC "KP.06"]
[Time "21:00:34"]
[TimeControl "180+2"]

1. e4 e5 2. Nf3 Nc6 3. Nc3 Nf6 4. Bc4 Be7 5. Bxf7+ Kxf7 6. Nxe5+ Nxe5 7. d4
Nc6 8. d5 Ne5 9. f4 Neg4 10. h3 Nh6 11. e5 Rf8 12. exf6 Bxf6 13. O-O Kg8 14.
Ne4 Nf7 15. g4 Re8 16. Qd3 d6 17. g5 Be7 18. Kh2 Bf5 19. Nf6+ gxf6 20. Qxf5
fxg5 21. fxg5 Nxg5 22. Bxg5 Rf8 23. Qe6+ Kh8 24. Bxe7 Rxf1 25. Rxf1 Qg8 26.
Bf6+ Qg7 27. Rg1 Qxf6 28. Qxf6# {Black checkmated} 1-0

[Event "ICC tourney 2128 (3 2)"]
[Site "Internet Chess Club"]
[Date "2020.11.13"]
[Round "6"]
[White "Tombstone"]
[Black "yogokings12"]
[Result "0-1"]
[ICCResult "White forfeits on time"]
[WhiteElo "1709"]
[BlackElo "1565"]
[Opening "Neo-Grünfeld, 6.cd Nxd5, 7.O-O"]
[ECO "D75"]
[NIC "KI.80"]
[Time "21:00:32"]
[TimeControl "180+2"]

1. d4 Nf6 2. c4 g6 3. Nf3 Bg7 4. g3 O-O 5. Bg2 d5 6. cxd5 Nxd5 7. O-O c5 8.
e4 Nb4 9. d5 Bg4 10. a3 N4a6 11. h3 Bxf3 {White forfeits on time} 0-1

[Event "ICC tourney 2128 (3 2)"]
[Site "Internet Chess Club"]
[Date "2020.11.13"]
[Round "6"]
[White "jpbaligad"]
[Black "stephenwilly"]
[Result "0-1"]
[ICCResult "White resigns"]
[WhiteElo "1306"]
[BlackElo "1516"]
[Opening "Hungarian defense: Tartakower variation"]
[ECO "C44"]
[NIC "SO.06"]
[Time "21:00:46"]
[TimeControl "180+2"]

1. e4 e5 2. Nf3 Nc6 3. d4 exd4 4. Bc4 Be7 5. c3 Nf6 6. e5 Ne4 7. cxd4 d5 8.
Bb5 O-O 9. Nc3 Bb4 10. Qc2 Bf5 11. Bd3 Ba5 12. O-O Nb4 13. Qa4 Nxd3 14. Qxa5
b6 15. Qxd5 Nxc3 16. Qxd8 Ne2+ 17. Kh1 Rfxd8 18. Bg5 Rd5 19. Nh4 Nxd4 20.
Rad1 h6 21. Be3 Bh7 22. g3 g5 23. Ng2 Be4 24. Bxd4 Rxd4 25. f3 Nf2+ 26. Rxf2
Rxd1+ {White resigns} 0-1

[Event "ICC tourney 2128 (3 2)"]
[Site "Internet Chess Club"]
[Date "2020.11.13"]
[Round "6"]
[White "VincentT2008"]
[Black "Mozart1"]
[Result "1-0"]
[ICCResult "Black resigns"]
[WhiteElo "1303"]
[BlackElo "1679"]
[Opening "QGD: exchange variation"]
[ECO "D35"]
[NIC "QO.16"]
[Time "21:00:55"]
[TimeControl "180+2"]

1. d4 d5 2. c4 e6 3. Nc3 Nf6 4. cxd5 Nxd5 5. e4 Nxc3 6. bxc3 c5 7. Be3 cxd4
8. cxd4 Bb4+ 9. Bd2 Qxd4 10. Bxb4 Qxb4+ 11. Qd2 Qxe4+ 12. Be2 Qxg2 13. Bf3
Qg6 14. Qd6 Qf6 15. Rd1 Qe7 16. Qd4 Nc6 17. Qxg7 Rf8 18. Ne2 Bd7 19. Qxh7
O-O-O 20. Rb1 Qa3 21. Qh5 Rh8 22. Qb5 Qa5+ 23. Qxa5 Nxa5 24. O-O Bc6 25.
Rfc1 Rdg8+ 26. Kf1 Rxh2 27. Nd4 Kd8 28. Bxc6 Nxc6 29. Nxc6+ bxc6 30. Rb8+
Ke7 31. Rxg8 Rh1+ 32. Rg1 {Black resigns} 1-0

[Event "ICC tourney 2128 (3 2)"]
[Site "Internet Chess Club"]
[Date "2020.11.13"]
[Round "6"]
[White "ritterfork"]
[Black "bopala"]
[Result "0-1"]
[ICCResult "White resigns"]
[WhiteElo "1360"]
[BlackElo "1438"]
[Opening "Two knights defense"]
[ECO "C56"]
[NIC "KP.02"]
[Time "21:00:40"]
[TimeControl "180+2"]

1. e4 e5 2. Nf3 Nc6 3. Bc4 Nf6 4. d4 exd4 5. O-O Nxe4 6. Re1 d5 7. Bxd5 Qxd5
8. Nc3 Qa5 9. Nxe4 Be6 10. Neg5 O-O-O 11. Nxe6 fxe6 12. Rxe6 Bd6 13. Bg5
Rdf8 14. Qe2 h6 15. Bd2 Qh5 16. c3 Nd8 17. Re4 Rxf3 18. Bf4 Bxf4 19. Rxf4
Rh3 20. Qxh5 Rxh5 21. cxd4 Rd5 {White resigns} 0-1

[Event "ICC tourney 2128 (3 2)"]
[Site "Internet Chess Club"]
[Date "2020.11.13"]
[Round "6"]
[White "PearsonH"]
[Black "lucachesschess"]
[Result "0-1"]
[ICCResult "White checkmated"]
[WhiteElo "1414"]
[BlackElo "1460"]
[Opening "Queen's pawn: London system"]
[ECO "A45"]
[NIC "QP.07"]
[Time "21:00:33"]
[TimeControl "180+2"]

1. d4 Nf6 2. Bf4 d6 3. Nc3 g6 4. e4 Bg7 5. Qd2 Nc6 6. O-O-O O-O 7. f3 Qe8 8.
Bh6 e5 9. d5 Ne7 10. g4 Rb8 11. h4 b5 12. h5 b4 13. Nce2 Qa4 14. Kb1 Bb7 15.
hxg6 fxg6 16. Bxg7 Kxg7 17. Qh6+ Kg8 18. g5 Nh5 19. Ng3 Rf7 20. Nxh5 gxh5
21. Qxh5 Ng6 22. Ne2 Ba6 23. Ng3 Bxf1 24. Rdxf1 c5 25. Nf5 c4 26. Nxd6 Rd7
27. Nxc4 Rc8 28. Ne3 Qb5 29. Qh2 Qc5 30. Qd2 Nf4 31. Nf5 a5 32. Ne3 a4 33.
Ng4 Rb7 34. Nxe5 b3 35. cxb3 axb3 36. a3 Re8 37. Qxf4 Qc2+ 38. Ka1 Ra7 39.
Rh2 Rxa3+ 40. bxa3 b2+ 41. Ka2 b1=Q# {White checkmated} 0-1

[Event "ICC tourney 2128 (3 2)"]
[Site "Internet Chess Club"]
[Date "2020.11.13"]
[Round "6"]
[White "ROWLAND"]
[Black "ranu540"]
[Result "1-0"]
[ICCResult "Black checkmated"]
[WhiteElo "1437"]
[BlackElo "1225"]
[Opening "Sicilian: accelerated fianchetto, Maróczy bind, 6.Be3"]
[ECO "B38"]
[NIC "SI.33"]
[Time "21:01:27"]
[TimeControl "180+2"]

1. e4 c5 2. Nf3 Nc6 3. d4 cxd4 4. Nxd4 g6 5. c4 Bg7 6. Be3 Nf6 7. Nc3 O-O 8.
Be2 e6 9. f3 d5 10. Nxc6 bxc6 11. cxd5 cxd5 12. exd5 exd5 13. Qd2 Re8 14.
O-O Bb7 15. Bd4 Nd7 16. Bxg7 Kxg7 17. Qd4+ Ne5 18. f4 f6 19. fxe5 fxe5 20.
Qb4 Qc7 21. Nb5 Qd7 22. Nd6 Reb8 23. Nxb7 Rxb7 24. Qd2 Rf8 25. Rxf8 Kxf8 26.
Rf1+ Kg7 27. h3 Qe6 28. Bg4 Qd6 29. b3 Qc5+ 30. Kh1 Rf7 31. Rxf7+ Kxf7 32.
Bf3 Ke6 33. Bg4+ Kf6 34. h4 Qd4 35. Qxd4 exd4 36. Kg1 Ke5 37. Kf2 Ke4 38.
Ke2 d3+ 39. Kd2 d4 40. Bf3+ Kf4 41. Kxd3 Kg3 42. h5 gxh5 43. Bxh5 Kxg2 44.
Kxd4 h6 45. b4 Kg3 46. b5 Kf4 47. a4 Kf5 48. a5 Ke6 49. a6 Kd7 50. b6 Kc8
51. bxa7 Kc7 52. a8=Q Kb6 53. Qb7+ Ka5 54. Kc5 Ka4 55. Qb4# {Black
checkmated} 1-0

[Event "ICC tourney 2128 (3 2)"]
[Site "Internet Chess Club"]
[Date "2020.11.13"]
[Round "6"]
[White "chessfidebullet"]
[Black "ChessStar22"]
[Result "1-0"]
[ICCResult "Black forfeits on time"]
[WhiteElo "1160"]
[BlackElo "1315"]
[Opening "Caro-Kann: advance variation"]
[ECO "B12"]
[NIC "CK.04"]
[Time "21:00:34"]
[TimeControl "180+2"]

1. e4 c6 2. d4 d5 3. e5 Bf5 4. f4 h6 5. Nf3 e6 6. Bd3 Bxd3 7. Qxd3 c5 8.
dxc5 Bxc5 9. Nc3 Ne7 10. Bd2 Ng6 11. Qb5+ Nd7 12. Na4 b6 13. b4 Be7 14. Nd4
a6 15. Qd3 b5 16. Nc3 Rc8 17. g4 Bxb4 18. a3 Bxc3 19. Bxc3 Nxf4 20. Qf3 Ng6
21. a4 Ngxe5 22. Qf4 Rxc3 23. axb5 axb5 24. Nxb5 Rf3 25. Qb4 Nc6 26. Qd6
{Black forfeits on time}
1-0

[Event "ICC tourney 2128 (3 2)"]
[Site "Internet Chess Club"]
[Date "2020.11.13"]
[Round "6"]
[White "Kinawa"]
[Black "Adityaki05"]
[Result "0-1"]
[ICCResult "White forfeits on time"]
[WhiteElo "1412"]
[BlackElo "1292"]
[Opening "Robatsch defense: three pawns attack"]
[ECO "B06"]
[NIC "KF.05"]
[Time "21:00:35"]
[TimeControl "180+2"]

1. e4 g6 2. d4 Bg7 3. f4 e6 4. Nf3 Ne7 5. Nc3 d5 6. e5 O-O 7. Bd3 c5 8. O-O
cxd4 9. Nxd4 Nbc6 10. Be3 f6 11. exf6 Bxf6 12. Nxc6 Nxc6 13. Bc5 Rf7 14. Ne2
b6 15. Be3 Bxb2 16. Rb1 Bg7 17. Bb5 Bb7 18. Bxc6 Bxc6 19. Nd4 Qd7 20. Qd3
Raf8 21. Rfe1 Bxd4 22. Qxd4 Qd6 23. Bd2 Qc5 24. Qxc5 bxc5 25. Rxe6 Bd7 26.
Re5 Bc6 27. Rbe1 c4 28. Be3 a6 29. Bd2 Ba4 30. c3 Rd7 31. Re6 Bb5 32. Re7
Rxe7 33. Rxe7 Rd8 34. Kf2 d4 {White forfeits on time} 0-1

[Event "ICC tourney 2128 (3 2)"]
[Site "Internet Chess Club"]
[Date "2020.11.13"]
[Round "6"]
[White "moneymo"]
[Black "A4-H5"]
[Result "0-1"]
[ICCResult "White resigns"]
[WhiteElo "1627"]
[BlackElo "1877"]
[Opening "Old Benoni defense"]
[ECO "A43"]
[NIC "OI.09"]
[Time "21:01:06"]
[TimeControl "180+2"]

1. d4 c5 2. d5 d6 3. c4 g6 4. Nd2 Bg7 5. e4 Nf6 6. Rb1 O-O 7. f4 e6 8. Be2
exd5 9. cxd5 Re8 10. Qc2 Na6 11. a3 Qa5 12. Kf1 Ng4 13. Bxg4 Bxg4 14. h3 Bd7
15. g4 Bb5+ 16. Kg2 c4 17. Ngf3 Nc5 18. Re1 Nd3 19. Re3 Nxf4+ 20. Kg3 Nd3
21. Nxc4 Bxc4 22. Qxc4 Ne5 23. Nxe5 Bxe5+ 24. Kg2 Rac8 25. Qe2 Qd8 26. Rb3
Rc7 27. Be3 Qh4 28. Bf2 Qg5 29. h4 Qf4 30. Rh1 Rec8 31. Bg3 Qf6 32. Kh3 Rc2
33. Qf3 Qxf3 34. Rxf3 Bxg3 35. Kxg3 Rxb2 36. h5 Re2 37. hxg6 hxg6 38. Kf4
Rc4 39. Re3 Rxe3 40. Kxe3 Ra4 41. Ra1 b5 42. Kd3 b4 43. Rb1 Rxa3+ 44. Kc4 a5
45. e5 Rc3+ 46. Kd4 Kf8 47. exd6 Ke8 48. Ra1 Ra3 49. Rf1 b3 50. Kc3 a4 51.
Re1+ Kd7 52. Re7+ Kxd6 53. Rxf7 Ra2 54. Rf6+ Kxd5 55. Rxg6 Rc2+ 56. Kd3 a3
57. Ra6 a2 58. g5 Rc1 59. g6 a1=Q 60. Rxa1 Rxa1 61. g7 Rg1 {White resigns}
0-1

[Event "ICC tourney 2128 (3 2)"]
[Site "Internet Chess Club"]
[Date "2020.11.13"]
[Round "6"]
[White "smashattack"]
[Black "SBomm18"]
[Result "1/2-1/2"]
[ICCResult "Game drawn by repetition"]
[WhiteElo "1469"]
[BlackElo "1783"]
[Opening "Nimzo-Indian: classical, 4...c5"]
[ECO "E38"]
[NIC "NI.22"]
[Time "21:00:38"]
[TimeControl "180+2"]

1. d4 Nf6 2. c4 e6 3. Nc3 Bb4 4. Qc2 c5 5. dxc5 Bxc5 6. Nf3 Nc6 7. Bg5 Be7
8. e3 h6 9. Bh4 O-O 10. Bd3 d5 11. cxd5 Nxd5 12. Bxe7 Qxe7 13. Nxd5 exd5 14.
O-O Bg4 15. a3 Bxf3 16. gxf3 Rae8 17. Kh1 Qh4 18. Rg1 Re5 19. Rg4 Qf6 20. f4
Rh5 21. Rag1 g5 22. fxg5 hxg5 23. f4 Re8 24. Rxg5+ Rxg5 25. Rxg5+ Kf8 26.
Qc5+ Re7 27. Bh7 Ke8 28. Qxd5 Rd7 29. Rg8+ Ke7 30. Qe4+ Kd6 31. Bf5 Re7 32.
Qd3+ Kc5 33. b4+ Kb6 34. a4 a6 35. a5+ Ka7 36. Rg1 Re8 37. Bd7 Rd8 38. Qf5
Qc3 39. Bxc6 Qxc6+ 40. e4 Ka8 41. h3 Re8 42. Kh2 Rxe4 43. Rg8+ Re8 44. Rxe8+
Qxe8 45. h4 Qe2+ 46. Kh3 Qf3+ 47. Kh2 Qf2+ 48. Kh3 Qf3+ 49. Kh2 Qf2+ 50. Kh1
Qf1+ 51. Kh2 Qf2+ 52. Kh3 Qf3+ 53. Kh2 {Game drawn by repetition} 1/2-1/2

[Event "ICC tourney 2128 (3 2)"]
[Site "Internet Chess Club"]
[Date "2020.11.13"]
[Round "7"]
[White "Mozart1"]
[Black "Jeffchess"]
[Result "1-0"]
[ICCResult "Black checkmated"]
[WhiteElo "1684"]
[BlackElo "1364"]
[Opening "Caro-Kann defense"]
[ECO "B12"]
[NIC "CK.01"]
[Time "21:31:19"]
[TimeControl "180+2"]

1. e4 c6 2. d4 e6 3. Nc3 a6 4. Nf3 h6 5. Bf4 Be7 6. d5 Nf6 7. d6 Bf8 8. Be2
Nh5 9. Be3 g5 10. Nxg5 hxg5 11. Bxh5 Bh6 12. Bd4 O-O 13. h4 f6 14. Bg6 e5
15. Be3 Kg7 16. Bf5 Rh8 17. Qg4 Qf8 18. hxg5 fxg5 19. Bxg5 Kf7 20. Qh5+ Kg8
21. Bxh6 Qxd6 22. Qe8+ Qf8 23. Qxf8# {Black checkmated} 1-0

[Event "ICC tourney 2128 (3 2)"]
[Site "Internet Chess Club"]
[Date "2020.11.13"]
[Round "7"]
[White "yogokings12"]
[Black "moneymo"]
[Result "0-1"]
[ICCResult "White resigns"]
[WhiteElo "1552"]
[BlackElo "1640"]
[Opening "Caro-Kann defense"]
[ECO "B12"]
[NIC "CK.01"]
[Time "21:31:20"]
[TimeControl "180+2"]

1. e4 c6 2. d4 d6 3. c4 Na6 4. Nc3 h5 5. Nf3 Bg4 6. Be2 e6 7. h3 Bxf3 8.
Bxf3 g6 9. Bf4 f6 10. Qd2 Nh6 11. O-O-O Nf7 12. Qe2 e5 13. dxe5 fxe5 14. Be3
Be7 15. c5 Qc7 16. cxd6 Bxd6 17. g4 h4 18. g5 O-O-O 19. Bg4+ Kb8 20. Kb1 Bc5
21. Bxc5 Nxc5 22. Qe3 Nd6 23. f4 Qa5 24. fxe5 Nc4 25. Qe2 Na3+ 26. bxa3 Qxc3
27. Rc1 Qxe5 28. Qe3 Nd3 29. Rc2 Nf4 30. Rf1 Nd3 31. Rd1 Qb5+ 32. Ka1 Qe5+
33. Kb1 Nf4 34. Rf1 Qb5+ 35. Qb3 Qxf1+ 36. Kb2 Nd3+ {White resigns} 0-1

[Event "ICC tourney 2128 (3 2)"]
[Site "Internet Chess Club"]
[Date "2020.11.13"]
[Round "7"]
[White "stephenwilly"]
[Black "ROWLAND"]
[Result "0-1"]
[ICCResult "White checkmated"]
[WhiteElo "1496"]
[BlackElo "1457"]
[Opening "Philidor's defense"]
[ECO "C41"]
[NIC "KP.10"]
[Time "21:31:29"]
[TimeControl "180+2"]

1. e4 e5 2. Nf3 d6 3. Bc4 Be7 4. Nc3 Nf6 5. d4 Nbd7 6. dxe5 dxe5 7. Be3 O-O
8. O-O c6 9. Re1 Qa5 10. Qe2 b5 11. Bb3 b4 12. Nb1 Ba6 13. c4 bxc3 14. Nxc3
Bxe2 15. Rxe2 Rfe8 16. Rd1 Bf8 17. Ng5 Re7 18. Bd2 Qb6 19. Be3 Qb4 20. Bd2
h6 21. Nd5 Nxd5 22. Bxb4 Nxb4 23. Nxf7 Kh7 24. Nd6 Nc5 25. Nf5 Ree8 26. Bc4
Rad8 27. Rxd8 Rxd8 28. h3 Rd1+ 29. Kh2 Ncd3 30. a3 Bc5 31. axb4 Nxb4 32. b3
Nd3 33. f3 Bg1+ 34. Kg3 Bf2+ 35. Kg4 Bc5 36. Ne3 Nf4 37. Nxd1 Nxe2 38. Bxe2
Kg6 39. Bc4 Kf6 40. Nc3 g6 41. g3 Bf2 42. Nd1 Be1 43. Ne3 Bd2 44. Nc2 h5+
45. Kh4 Bg5# {White checkmated} 0-1

[Event "ICC tourney 2128 (3 2)"]
[Site "Internet Chess Club"]
[Date "2020.11.13"]
[Round "7"]
[White "SBomm18"]
[Black "chessfidebullet"]
[Result "1-0"]
[ICCResult "Black checkmated"]
[WhiteElo "1784"]
[BlackElo "1159"]
[Opening "Vienna game"]
[ECO "C25"]
[NIC "VG.04"]
[Time "21:31:24"]
[TimeControl "180+2"]

1. e4 e5 2. Nc3 d6 3. Bc4 Ne7 4. d3 f6 5. f4 g5 6. Qh5+ Kd7 7. f5 c6 8. b4
Kc7 9. b5 Bd7 10. bxc6 Nbxc6 11. Nb5+ Kb8 12. Nxd6 Nc8 13. Nf7 Be8 14. Qd1
Bxf7 15. Bxf7 Nd6 16. Bd5 Nd4 17. c3 N4b5 18. Bd2 Nxf5 19. Bxb7 Qxd3 20.
Bxa8 Nxc3 21. Qb3+ Kxa8 22. Qxc3 Qxe4+ 23. Ne2 Nd4 24. Qc8# {Black
checkmated} 1-0

[Event "ICC tourney 2128 (3 2)"]
[Site "Internet Chess Club"]
[Date "2020.11.13"]
[Round "7"]
[White "ranu540"]
[Black "Kinawa"]
[Result "0-1"]
[ICCResult "White checkmated"]
[WhiteElo "1201"]
[BlackElo "1415"]
[Opening "Caro-Kann: exchange variation"]
[ECO "B13"]
[NIC "CK.02"]
[Time "21:31:20"]
[TimeControl "180+2"]

1. e4 c6 2. d4 d5 3. exd5 cxd5 4. Nc3 Nf6 5. Nf3 Nc6 6. Bb5 Bg4 7. h3 Bxf3
8. Qxf3 e6 9. O-O Be7 10. Re1 O-O 11. Qg3 Nxd4 12. Bh6 Nf5 13. Qe5 Nxh6 14.
g4 Nd7 15. Bxd7 Qxd7 16. Nxd5 Bd6 17. Qe3 exd5 18. Qd4 Rac8 19. Qxd5 Bh2+
20. Kxh2 Qxd5 21. Re2 Rfe8 22. Rxe8+ Rxe8 23. c3 Re2 24. Rf1 f6 25. a4 Nf7
26. b4 Ne5 27. a5 Nf3+ 28. Kg3 Ne1 29. Rxe1 Rxe1 30. Kf4 g5+ 31. Kg3 Rg1+
32. Kh2 Qg2# {White checkmated} 0-1